Map: Lerilak Crest

Players

MadeYouLooK

  • Race: Protoss Protoss
  • League: Gold

LilDicky - Winner!

  • Race: Terran Terran
  • League: Diamond

VOD

http://www.twitch.tv/tumescentpie

Description

Time

  • Played on: Nov. 24, 2015, 8:12 p.m.
  • Length: 6:08
Show
View Real Time Build Order
Export as new Build Order

MadeYouLooK Protoss 

Build Orders: 1 Gate Expand 

Get SALT Encoding   

  12  0:02  Probe (Chrono Boost)  
  13  0:13  Probe (Chrono Boost)  
  14  0:23  Probe (Chrono Boost), Pylon  
  15  0:31  Assimilator  
  15  0:41  Probe (Chrono Boost)  
  16  0:44  Gateway  
  16  0:51  Probe (Chrono Boost)  
  17  1:02  Probe (Chrono Boost)  
  18  1:12  Probe (Chrono Boost)  
  19  1:23  Probe (Chrono Boost)  
  20  1:31  Nexus  
  20  1:35  Probe (Chrono Boost)  
  21  1:43  Pylon  
  22  1:53  Cybernetics Core  
  21  1:58  Probe (Chrono Boost), Assimilator  
  22  2:09  Probe (Chrono Boost)  
  23  2:19  Probe (Chrono Boost)  
  24  2:31  Mothership Core (Chrono Boost)  
  24  2:32  Warp Gate  
  24  2:33  Adept  
  28  2:46  Robotics Facility  
  28  2:47  Probe (Chrono Boost)  
  28  2:49  Probe (Chrono Boost)  
  30  2:51  Assimilator  
  30  2:55  Gateway  
  30  3:01  Probe (Chrono Boost)  
  30  3:02  Probe (Chrono Boost)  
  32  3:12  Probe x2 (Chrono Boost)  
  27  3:25  Probe x2 (Chrono Boost), Adept  
  31  3:34  Observer  
  32  4:00  Adept x2  
  33  4:09  Probe x2 (Chrono Boost)  
  35  4:20  Probe x2 (Chrono Boost)  
  37  4:30  Probe (Chrono Boost)  
  38  4:33  Probe (Chrono Boost), Immortal  
  43  4:41  Probe (Chrono Boost)  
  43  4:43  Probe (Chrono Boost)  
  45  4:51  Probe (Chrono Boost)  
  39  5:10  Probe x2 (Chrono Boost)  
  41  5:21  Probe x2 (Chrono Boost)  
  43  5:24  Assimilator  
  43  5:29  Pylon x2  
  43  5:31  Probe (Chrono Boost), Adept  
  46  5:46  Robotics Bay  
  46  5:47  Probe x2 (Chrono Boost)  
  46  5:48  Pylon  
  48  5:57  Gateway, Probe x2 (Chrono Boost)  
  48  5:59  Gateway  
Show
View Real Time Build Order
Export as new Build Order

LilDicky Terran - Winner!

Build Orders: MMM Bio 

Get SALT Encoding   

  12  0:01  SCV  
  13  0:13  SCV  
  14  0:17  Supply Depot  
  14  0:25  SCV  
  15  0:29  Refinery  
  15  0:39  SCV  
  16  0:46  Barracks  
  16  0:52  SCV  
  17  1:04  SCV  
  18  1:16  SCV  
  19  1:28  SCV  
  20  1:33  Factory  
  20  1:36  Supply Depot, Marine  
  21  1:45  Orbital Command  
  21  1:55  Marine  
  22  2:13  Barracks Reactor  
  22  2:17  SCV, Barracks  
  22  2:18  Barracks  
  23  2:30  SCV  
  23  2:32  Refinery  
  23  2:34  Supply Depot  
  24  2:38  Widow Mine  
  26  2:50  Marine  
  27  2:51  Marine  
  27  2:52  Bunker  
  28  3:04  Barracks Tech Lab  
  28  3:05  Barracks Tech Lab  
  27  3:06  SCV  
  27  3:07  Widow Mine  
  30  3:20  Marine x2  
  30  3:23  Stimpack  
  32  3:29  Combat Shields  
  32  3:30  Marine  
  32  3:31  Marine  
  34  3:38  Marine  
  35  3:49  Marine  
  35  3:51  Marine x2  
  35  3:53  SCV  
  39  3:59  Supply Depot  
  37  4:03  Hellion  
  37  4:07  Marine x2  
  39  4:19  Starport  
  39  4:24  Marauder x2  
  41  4:25  SCV, Marine x2  
  44  4:43  Marine x2  
  47  4:45  Marauder  
  47  4:47  Marauder  
  42  5:01  Marine x2  
  42  5:06  Marine  
  43  5:08  Marine  
  43  5:09  Medivac  
  44  5:19  Marine x2  
  46  5:26  SCV  
  47  5:31  Supply Depot  
  47  5:38  Marine x2  
  47  5:39  Marauder  
  47  5:41  Marine  
Tags
 
Add a new tag
Caveats
  • Supply blocks, unpowered buildings, or Contaminate may cause inaccurate times.
  • Supply counts are checked every 10 seconds.